 Dungeon Crawl Stone Soup version 0.31-a0-1074-g0b22e4e0f1 (webtiles) character file.

Game seed: 6603176569688961027

105 LeprechaunX the Changeling (level 4, -2/43 HPs)
             Began as an Octopode Shapeshifter on Nov 27, 2023.
             Was a Plaything of Xom.
             Slain by a gnoll
             ... wielding a +0 whip
              (3 damage)
             ... on level 3 of the Dungeon.
             The game lasted 00:02:32 (1203 turns).

LeprechaunX the Changeling (Octopode Shapeshifter)  Turns: 1203, Time: 00:02:32

Health: -2/43      AC: 22    Str: 13    XL:     4   Next: 81%
Magic:  4/4        EV:  2    Int: 12    God:    Xom [..*...]
Gold:   91         SH:  0    Dex: 13    Spells: 3/3 levels left

rFire   . .          .
                       - Unarmed
rCold   . . .        (no shield)
rNeg    . . .        (helmet currently unavailable)
rPois   +            (no amulet)
rElec   .            (no ring)
rCorr   .            (no ring)
SInv    .            (no ring)
Will    .....        (no ring)
Stlth   +            (no ring)
HPRegen 0.27/turn    (no ring)
MPRegen 0.09/turn    (no ring)
                     (no ring)

%: no passive effects
@: tree-form
A: stationary, stasis, torment immunity, boosted hp, almost no armour,
(amphibious), 8 rings, (camouflage 1), (gelatinous body 1), (nimble swimmer 1),
(tentacles)
a: Renounce Religion


You were on level 3 of the Dungeon.
You worshipped Xom.
You were a toy of Xom.
You were a tree.
You visited 1 branch of the dungeon, and saw 3 of its levels.

You collected 91 gold pieces.

Inventory:

Missiles
 e - 2 boomerangs
Talismans
 b - a beast talisman
 c - a flux talisman
 d - a maw talisman
Scrolls
 g - 3 scrolls of identify {unknown}
 i - 3 scrolls of vulnerability {unknown}
 j - a scroll of enchant armour {unknown}
Potions
 a - 2 potions of lignification
 f - a potion of invisibility {unknown}
 h - a potion of curing {unknown}


   Skills:
 + Level 2.1 Fighting
 + Level 1.1 Throwing
 - Level 2.0 Dodging
 + Level 3.6 Unarmed Combat
 * Level 4.0 Shapeshifting


You had 3 spell levels left.
You didn't know any spells.
Your spell library was empty.

Dungeon Overview and Level Annotations

Branches:
Dungeon (3/15)

Altars:
Uskayaw
Xom

Annotations:
D:3 javelincjr's ghost, amateur DjHW


Innate Abilities, Weirdness & Mutations

You are a tree.
Your roots penetrate the ground, keeping you stationary.
You cannot be teleported.
You are immune to unholy pain and torment.
Your maximum health is greatly increased.
You cannot wear most types of armour.
((You are amphibious.))
You can wear up to eight rings at the same time.
((Your skin changes colour to match your surroundings (Stealth+).))
((Your rubbery body absorbs attacks. (AC +1, EV +1)))
((You are camouflaged when in or above water. (Stealth+)))
((You have tentacles for arms and can constrict up to eight enemies at once.))


Message History

You tentacle-slap the giant cockroach but do no damage.
You tentacle-slap the giant cockroach.
You kill the giant cockroach!
The gnoll hits you from afar with a +0 spear.
The gnoll closely misses you.
You see here a giant cockroach corpse.
You tentacle-slap the gnoll but do no damage.
You grab the gnoll. Your squeeze misses the gnoll. You constrict the gnoll.
The gnoll closely misses you. The gnoll hits you with a +0 spear.
The gnoll closely misses you.
You tentacle-slap the gnoll. You squeeze the gnoll.
The gnoll is heavily wounded.
You constrict the gnoll.
Xom's power almost touches on you for a moment.
A fancy cane briefly appears in your tentacle.
The gnoll completely misses you.
The gnoll struggles to escape constriction.
You tentacle-slap the gnoll.
You kill the gnoll!
The gnoll barely misses you. The gnoll hits you with a +0 whip.
* * * LOW HITPOINT WARNING * * *
Unknown command.
The gnoll hits you with a +0 halberd.
* * * LOW HITPOINT WARNING * * *
The gnoll barely misses you.
You see here a +0 spear.
Unknown command.
Your transformation has ended.
You turn into a tree.
Your roots penetrate the ground.
The gnoll hits you with a +0 halberd.
* * * LOW HITPOINT WARNING * * *
The gnoll hits you but does no damage.
You closely miss the gnoll. The gnoll completely misses you.
The gnoll hits you but does no damage.
You hit the gnoll.
The gnoll is moderately wounded.
The gnoll hits you with a +0 halberd.
* * * LOW HITPOINT WARNING * * *
The gnoll hits you with a +0 whip.
You die...

##.# #.# #g#
.## #.### ....
#...# #..###.#
#.....#
...###.g#
W..##....#g♣#
?♣!.⌠#....#.†##
....##....##..#
...##.....##..#
⌠##....?.#####
.......# #....#
#.<..# #....#


You could see 2 gnolls.

Vanquished Creatures
  A gnoll (D:3)
  5 adders
  A dart slug (D:1)
  4 bats
  4 endoplasms
  4 giant cockroaches
  A goblin (D:1)
  3 hobgoblins
  3 jackals
  2 quokkas (D:2)
  3 ball pythons
  A frilled lizard (D:2)
  6 kobolds
  6 rats
44 creatures vanquished.

Vanquished Creatures (collateral kills)
  A goblin (D:2)
1 creature vanquished.

Grand Total: 45 creatures vanquished

Notes
Turn   | Place    | Note
-------+----------+-------------------------------------------
     0 | D:1      | LeprechaunX the Octopode Shapeshifter began the quest for
                  | the Orb.
     0 | D:1      | Reached XP level 1. HP: 13/13 MP: 1/1
    56 | D:1      | Found a faded altar of an unknown god.
    87 | D:1      | Reached XP level 2. HP: 18/18 MP: 2/2
   105 | D:1      | Prayed at the altar of an unknown god.
   105 | D:1      | Became a worshipper of Xom of Chaos
   399 | D:1      | Reached XP level 3. HP: 23/23 MP: 3/3
   679 | D:2      | XOM: divination: magic mapping
   750 | D:2      | Reached XP level 4. HP: 21/29 MP: 4/4
   824 | D:2      | XOM: cast spell 'Call Canine Familiar'
   961 | D:2      | You fall into a shaft and drop 1 floor!
   962 | D:3      | Noticed javelincjr's ghost (amateur DjHW)
  1074 | D:2      | Found a hide-covered altar of Uskayaw.
  1163 | D:3      | Reached skill level 1 in Throwing
  1163 | D:3      | Reached skill level 4 in Shapeshifting
  1185 | D:3      | XOM: noise
  1198 | D:3      | XOM: silly message
  1203 | D:3      | HP: 1/43 [gnoll/+0 halberd (3)]
  1203 | D:3      | Slain by a gnoll

Illustrated notes

Levels and vault maps discovered:
D:1:      spicycebolla_arrival_clurvy, layout_loops_ring,
          dreamdust_ecumenical_altar_statues
D:2:      layout_rooms, basic_altar
D:3:      layout_rooms, hellmonk_ghost_happy_afterlife, uniq_grinder

Skill      XL: |  1  2  3  4 |
---------------+-------------+-----
Fighting       | 2 |  2.1
Throwing       | 1 |  1.1
Shapeshifting  | 4 |  4.0
Dodging        | |  2.0
Unarmed Combat | |  3.6

Action                     |  1- 3 |  4- 6 || total
---------------------------+-------+-------++-------
  Melee: Unarmed           |    65 |    25 ||    90
         Constrict         |    12 |     8 ||    20
         Tentacles         |    13 |     4 ||    17
         Punch             |     3 |     1 ||     4
    Use: Potion            |       |     1 ||     1
   Stab: Sleeping          |    11 |     3 ||    14
         Distracted        |     1 |       ||     1
 Armour: Skin              |    21 |    24 ||    45
  Dodge: Dodged            |    28 |    26 ||    54

Table legend: (Time is in decaauts)
 A = Elapsed time spent in this place.
 B = Non-inter-level travel time spent in this place.
 C = Inter-level travel time spent in this place.
 D = Time resting spent in this place.
 E = Time spent auto-exploring this place.
 F = Levels seen in this place.
 G = Mean time per level.
                   A        B        C        D        E       F      G
               +--------+--------+--------+--------+--------+-----+--------+
         Total |   1196 |   1132 |     64 |      0 |    856 |   3 |  398.7 |
       Dungeon |   1196 |   1132 |     64 |      0 |    856 |   3 |  398.7 |
               +--------+--------+--------+--------+--------+-----+--------+

Top non-repeatable levels by time:
     D:2: 580 daAuts
     D:1: 565 daAuts
     D:3: 50 daAuts
